 Dungeon Crawl Stone Soup version 0.26-a0-1139-g7d2dc893a1 (webtiles) character file.

Game seed: 11828039568224425530

101 Dracia the Skirmisher (level 4, -1/37 HPs)
             Began as a Demonspawn Fighter on Dec 21, 2020.
             Slain by Robin
             ... wielding a +0 falchion
              (6 damage)
             ... on level 2 of the Dungeon.
             The game lasted 00:03:50 (3884 turns).

Dracia the Skirmisher (Demonspawn Fighter)          Turns: 3884, Time: 00:03:50

Health: -1/37      AC:  6    Str: 16    XL:     4   Next: 48%
Magic:  4/4        EV:  9    Int:  9    God:
Gold:   169        SH:  0    Dex: 14    Spells: 3/3 levels left

rFire    . . .     SeeInvis .     - Unarmed
rCold    + . .     Faith    .   (no shield)
rNeg     . . .     Spirit   .   b - +0 scale mail
rPois    .         Reflect  .   (helmet restricted)
rElec    .         Harm     .   (no cloak)
rCorr    .         Rampage  .   (no gloves)
Will     .....                  (no boots)
Stlth    ..........             (no amulet)
HPRegen  0.12/turn              C - ring of protection from cold
MPRegen  0.09/turn              (no ring)

@: no status effects
A: antennae 1, claws 1
a: no special abilities


You were on level 2 of the Dungeon.
You visited 1 branch of the dungeon, and saw 3 of its levels.

You collected 169 gold pieces.


Innate Abilities, Weirdness & Mutations

You have a pair of small antennae on your head.
You have sharp fingernails.


   Skills:
 + Level 3.7 Fighting
 - Level 2.1 Polearms
 + Level 3.3 Armour
 + Level 0.6 Dodging
 - Level 2.8 Shields
 * Level 1.8 Unarmed Combat


You had 3 spell levels left.
You didn't know any spells.
Your spell library was empty.

Inventory:

Missiles
 i - 3 poisoned darts (quivered)
Armour
 b - a +0 scale mail (worn)
 f - a +0 kite shield
Jewellery
 C - a ring of protection from cold (left claw)
Scrolls
 a - a scroll of enchant weapon {unknown}
 c - 8 scrolls of identify {unknown}
 e - 3 scrolls of remove curse {unknown}
 h - 3 scrolls of immolation {unknown}
 j - a scroll of blinking {unknown}
 l - 2 scrolls of random uselessness {unknown}
Potions
 d - 2 potions of might
 g - 2 potions of curing {@q1@q1}
 k - a potion of magic {unknown}

Dungeon Overview and Level Annotations

Branches:
Dungeon (3/15)

Altars:
Xom

Annotations:
D:2 Robin

......# #.....#.#
..<.⌠.# #######..#.#
......#
##..##..###.#
⌠....##
##........##.#
#...##
#............# ###.#
#...........## #.#
##........#.#
#.#######....)†).#.#
#............g@)...#
#####.#........g...#
#.#.#........### #
#.'.##..##..## ##
###.....##..# .#
#......#..# .#
#......#(.# .#
#......#.####### .#
#########...[...#


You could see Robin and a goblin (strong).


Message History

Robin barely misses you. The hobgoblin hits you with a +0 club.
You barely miss the hobgoblin. The goblin hits you but does no damage.
Robin closely misses you.
The hobgoblin hits you but does no damage.
Your scale mail prevents you from hitting the hobgoblin.
The goblin barely misses you. Robin hits you but does no damage.
The hobgoblin hits you with a +0 club.
You closely miss the hobgoblin. The goblin barely misses you.
Robin throws the goblin at you! The hobgoblin hits you with a +0 club.
You closely miss the hobgoblin. The goblin hits you but does no damage.
You barely miss the hobgoblin. Robin hits you but does no damage.
The hobgoblin hits you with a +0 club. The goblin completely misses you.
You barely miss the hobgoblin. Robin barely misses you.
The hobgoblin hits you with a +0 club.
* * * LOW HITPOINT WARNING * * *
The goblin closely misses you.
You scratch the hobgoblin but do no damage.
Robin hits you but does no damage. The hobgoblin hits you with a +0 club.
* * * LOW HITPOINT WARNING * * *
The goblin barely misses you.
You scratch the hobgoblin.
The hobgoblin is moderately wounded.
Robin barely misses you. The hobgoblin hits you with a +0 club.
* * * LOW HITPOINT WARNING * * *
The goblin hits you.
* * * LOW HITPOINT WARNING * * *
You scratch the hobgoblin.
You kill the hobgoblin!
Robin hits you with a +0 falchion.
You die...

Skill      XL: |  1  2  3 |
---------------+----------+-----
Polearms       | 2 |  2.1
Armour         | 3 |  3.3
Unarmed Combat | 1 |  1.8
Fighting       | |  3.7
Dodging        | |  0.6
Shields        | |  2.8

Action                   |  1- 3 |  4- 6 || total
-------------------------+-------+-------++-------
Melee: Trident           |    21 |       ||    21
       Unarmed           |   224 |    91 ||   315
       Punch             |     1 |       ||     1
  Use: Potion            |       |     2 ||     2
Armor: Scale mail        |   112 |    43 ||   155
Dodge: Dodged            |   110 |    45 ||   155
Block: Kite shield       |     5 |       ||     5

Levels and vault maps discovered:
D:1:      kilobyte_arrival_exit_the_forest, layout_basic
D:2:      layout_basic, lemuel_round_altar, serial_forest,
          infiniplex_forest_end_2, infiniplex_forest_corner_1,
          infiniplex_forest_end_1, infiniplex_forest_clump_long,
          infiniplex_forest_straight_4, infiniplex_forest_clump_cross,
          infiniplex_forest_lined_2, infiniplex_forest_3_way,
          infiniplex_forest_clump_small, columned_hall_lemuel,
          grunt_ministairs_1, st_stairs_5
D:3:      layout_basic, kennysheep_generic_room_9, uniq_robin

Notes
Turn   | Place    | Note
-------+----------+-------------------------------------------
     0 | D:1      | Dracia the Demonspawn Fighter began the quest for the Orb.
     0 | D:1      | Reached XP level 1. HP: 18/18 MP: 1/1
   132 | D:1      | Reached skill level 2 in Polearms
   138 | D:1      | You feel monstrous as your demonic heritage exerts itself.
   138 | D:1      | Gained mutation: You have sharp fingernails. [demonic
                  | ancestry]
   138 | D:1      | Reached XP level 2. HP: 18/24 MP: 2/2
   879 | D:1      | Reached skill level 3 in Armour
  1410 | D:2      | Gained mutation: You have a pair of small antennae on your
                  | head. [demonic ancestry]
  1410 | D:2      | Reached XP level 3. HP: 26/29 MP: 3/3
  1503 | D:2      | Reached skill level 1 in Unarmed Combat
  2121 | D:2      | Found a shimmering altar of Xom.
  2685 | D:2      | Reached XP level 4. HP: 31/36 MP: 4/4
  3705 | D:3      | Noticed Robin
  3884 | D:2      | Slain by Robin

Vanquished Creatures
  3 adders
  A worm (D:2)
  A dart slug (D:2)
  4 leopard geckos
  An orc (D:3)
  2 giant cockroaches
  9 goblins
  10 hobgoblins
  4 jackals (D:1)
  2 quokkas
  A ball python (D:2)
  5 bats (D:1)
  3 frilled lizards (D:1)
  8 kobolds
  7 rats
61 creatures vanquished.

Vanquished Creatures (others)
  A plant (D:2)
1 creature vanquished.

Grand Total: 62 creatures vanquished

Table legend: (Time is in decaauts)
 A = Elapsed time spent in this place.
 B = Non-inter-level travel time spent in this place.
 C = Inter-level travel time spent in this place.
 D = Time resting spent in this place.
 E = Time spent auto-exploring this place.
 F = Levels seen in this place.
 G = Mean time per level.
                   A        B        C        D        E       F      G
               +--------+--------+--------+--------+--------+-----+--------+
         Total |   3880 |   3787 |     93 |    598 |   2628 |   3 | 1293.3 |
       Dungeon |   3880 |   3787 |     93 |    598 |   2628 |   3 | 1293.3 |
               +--------+--------+--------+--------+--------+-----+--------+

Top non-repeatable levels by time:
     D:2: 2048 daAuts
     D:1: 1418 daAuts
     D:3: 413 daAuts

Table legend:
 A = Non-vault XP
 B = Vault XP
 C = Vault XP percentage of total XP
 D = Non-vault monster count
 E = Vault monster count
 F = Vault count percentage of total count
                 A         B        C        D         E       F
            +---------+---------+-------+---------+---------+-------
      Total |     121 |      26 |  17.7 |      49 |      12 |  19.7
            +---------+---------+-------+---------+---------+-------
        D:1 |      39 |       0 |   0.0 |      24 |       0 |   0.0
        D:2 |      56 |      26 |  31.7 |      18 |      12 |  40.0
        D:3 |      26 |       0 |   0.0 |       7 |       0 |   0.0
            +---------+---------+-------+---------+---------+-------
